Map: Blackpink LE

Players

SpeCial - Winner!

  • Race: Terran Terran
  • League: Grandmaster
  • Spawn Location: 7:00

puCK (Nina)

  • Race: Protoss Protoss
  • League: Grandmaster
  • Spawn Location: 1:00

VOD

Have the link to the VOD?

Description

Time

  • Played on: Nov. 25, 2017, 9:42 p.m.
  • Length: 7:51
Show
View Real Time Build Order
Export as new Build Order

SpeCial Terran - Winner!

Build Orders: Liberator Opening 

Get SALT Encoding   

  12  0:01  SCV  
  13  0:14  SCV  
  14  0:18  Supply Depot  
  14  0:26  SCV  
  15  0:41  Barracks  
  15  0:42  Refinery  
  15  0:46  SCV  
  16  0:56  Refinery  
  16  0:58  SCV  
  17  1:10  SCV  
  18  1:27  Barracks Tech Lab  
  18  1:28  Orbital Command  
  18  1:44  Supply Depot  
  18  1:46  Concussive Shells, Marauder  
  20  1:54  SCV  
  21  2:07  Marauder  
  23  2:10  Bunker  
  24  2:19  Factory  
  24  2:22  SCV  
  24  2:29  Marauder  
  26  2:34  SCV  
  27  2:39  Supply Depot  
  27  2:46  SCV  
  28  2:58  SCV  
  29  3:04  Cyclone  
  32  3:06  Starport  
  32  3:10  SCV  
  33  3:13  Supply Depot  
  33  3:22  SCV  
  34  3:28  Liberator  
  34  3:39  Command Center  
  37  3:54  Cyclone  
  40  3:59  SCV  
  41  4:03  Supply Depot  
  41  4:16  SCV  
  42  4:26  Supply Depot  
  42  4:28  SCV, Viking  
  45  4:31  Factory Reactor  
  45  4:40  SCV  
  46  4:51  Orbital Command  
  46  4:52  SCV  
  47  5:04  SCV  
  43  5:16  SCV, Cyclone  
  45  5:24  Cyclone  
  45  5:25  Orbital Command  
  45  5:26  Liberator  
  44  5:28  SCV  
  45  5:39  Factory  
  45  5:40  SCV  
  49  5:53  SCV  
  49  5:54  SCV  
  49  5:56  Cyclone  
  54  6:05  SCV  
  54  6:06  SCV  
  54  6:07  Refinery  
  54  6:09  Refinery  
  56  6:12  Cyclone  
  59  6:20  SCV x2  
  59  6:22  Factory Reactor  
  61  6:27  Supply Depot  
  61  6:32  SCV x2  
  63  6:43  Cyclone  
  63  6:44  SCV x2  
  68  6:50  Cyclone  
  71  6:56  SCV  
  71  7:00  Supply Depot  
  72  7:02  Cyclone  
  72  7:05  Cyclone  
  72  7:06  SCV  
  79  7:08  SCV  
  80  7:18  SCV  
  80  7:20  SCV  
  88  7:30  SCV  
  88  7:33  SCV  
  88  7:35  Supply Depot  
Show
View Real Time Build Order
Export as new Build Order

puCK Protoss 

Build Orders:  

Get SALT Encoding   

  12  0:00  Probe  
  13  0:12  Probe  
  14  0:18  Pylon  
  14  0:25  Probe (Chrono Boost)  
  15  0:37  Probe (Chrono Boost)  
  15  0:39  Gateway  
  16  0:46  Probe (Chrono Boost), Assimilator  
  17  0:51  Probe  
  17  0:55  Assimilator  
  18  1:04  Probe  
  19  1:16  Probe  
  20  1:23  Pylon  
  20  1:28  Probe, Cybernetics Core  
  21  1:39  Gateway  
  21  1:40  Probe  
  22  1:52  Probe  
  23  2:06  Stalker (Chrono Boost)  
  23  2:07  Robotics Facility  
  25  2:10  Shield Battery  
  25  2:11  Warp Gate  
  25  2:13  Probe  
  26  2:22  Shield Battery  
  26  2:26  Stalker (Chrono Boost)  
  28  2:37  Pylon  
  28  2:54  Warp Prism (Chrono Boost)  
  30  3:01  Robotics Bay  
  30  3:28  Observer (Chrono Boost)  
  30  3:29  Probe  
  32  3:38  Nexus  
  32  3:47  Disruptor  
  35  3:50  Gravitic Drive  
  35  3:53  Pylon  
  35  4:00  Gateway  
  35  4:03  Probe  
  36  4:15  Probe  
  37  4:19  Shield Battery, Stalker  
  39  4:28  Disruptor (Chrono Boost)  
  42  4:32  Probe  
  43  4:42  Stalker  
  43  4:44  Probe  
  46  4:59  Probe  
  47  5:12  Stalker x2  
  40  5:32  Probe x2  
  42  5:36  Disruptor  
  45  5:44  Probe  
  45  5:48  Probe  
  47  5:56  Probe  
  48  5:59  Gateway  
  48  6:01  Probe  
  49  6:08  Probe  
  50  6:14  Probe  
  50  6:16  Disruptor (Chrono Boost)  
  54  6:18  Probe  
  54  6:24  Probe, Assimilator  
  54  6:25  Pylon  
  54  6:26  Probe  
  56  6:33  Gateway  
  56  6:34  Probe  
  56  6:39  Warp Prism (Chrono Boost)  
  59  6:43  Probe  
  59  6:46  Probe  
  61  6:48  Zealot  
  63  6:55  Probe  
  63  6:58  Probe, Pylon  
  63  6:59  Stalker  
  67  7:08  Probe  
  68  7:10  Stalker  
  68  7:14  Pylon  
  70  7:16  Pylon, Observer  
  67  7:24  Stalker  
  67  7:26  Probe  
  61  7:42  Stalker  
Tags
 
Add a new tag
Caveats
  • Supply blocks, unpowered buildings, or Contaminate may cause inaccurate times.
  • Supply counts are checked every 10 seconds.